Map: Acid Plant LE

Players

Demented - Winner!

  • Race: Zerg Zerg
  • League: Platinum
  • Spawn Location: 5:00

Eko

  • Race: Zerg Zerg
  • League: Platinum
  • Spawn Location: 11:00

VOD

Have the link to the VOD?

Description

Time

  • Played on: Oct. 9, 2018, 3:34 p.m.
  • Length: 13:41
Show
View Real Time Build Order
Export as new Build Order

Demented Zerg - Winner!

Build Orders: Hatch First 

Get SALT Encoding   

  12  0:01  Drone  
  13  0:12  Overlord  
  13  0:17  Drone  
  14  0:30  Drone  
  14  0:31  Drone  
  16  0:41  Drone  
  17  0:58  Drone  
  17  0:59  Drone  
  17  1:00  Hatchery  
  18  1:11  Extractor  
  18  1:14  Spawning Pool  
  18  1:17  Drone  
  17  1:21  Drone  
  18  1:29  Drone  
  19  2:01  Zergling x6  
  22  2:11  Queen  
  22  2:12  Zergling x2  
  22  2:13  Zergling x2  
  24  2:26  Zergling x2  
  24  2:27  Zergling x2  
  23  2:32  Queen  
  23  2:35  Zergling x4  
  27  2:52  Overlord  
  27  2:53  Zergling x2  
  26  3:15  Zergling x8  
  30  3:25  Roach Warren  
  30  3:27  Drone x3  
  31  3:40  Baneling Nest  
  31  3:41  Metabolic Boost  
  30  3:44  Drone  
  30  3:46  Drone x2  
  30  3:48  Overlord  
  33  3:58  Drone  
  34  4:07  Overlord  
  34  4:08  Drone x3  
  34  4:09  Drone  
  38  4:13  Overlord  
  38  4:19  Extractor  
  38  4:23  Roach x2  
  41  4:27  Roach  
  41  4:30  Roach  
  39  4:34  Zergling x6  
  38  4:38  Zergling x2  
  38  4:39  Zergling x2  
  38  4:42  Zergling x2  
  39  4:47  Ravager  
  39  4:51  Roach  
  37  4:53  Zergling x4  
  37  4:55  Baneling  
  37  4:56  Baneling  
  37  5:06  Baneling x2  
  37  5:07  Baneling x2  
  37  5:10  Queen  
  39  5:14  Zergling x2  
  39  5:18  Baneling x2  
  40  5:23  Zergling x2  
  40  5:24  Zergling x2  
  42  5:31  Baneling  
  42  5:32  Baneling x2  
  42  5:35  Zergling x4  
  44  5:40  Drone x2  
  44  5:42  Drone  
  47  5:45  Drone  
  47  5:46  Ravager  
  49  5:52  Roach  
  48  5:59  Zergling x2  
  48  6:00  Zergling x4  
  43  6:12  Roach x3  
  49  6:22  Queen  
  49  6:23  Roach  
  49  6:24  Roach  
  47  6:51  Evolution Chamber  
  47  6:52  Roach x3  
  47  6:53  Evolution Chamber, Roach x3  
  55  7:06  Roach x2  
  59  7:09  Overlord x2  
  57  7:23  Zerg Missile Weapons Level 1  
  57  7:24  Zerg Ground Armor Level 1  
  53  7:30  Zergling x4  
  53  7:31  Zergling x2  
  48  7:40  Roach x2  
  52  7:48  Roach x2  
  52  7:49  Drone  
  57  8:01  Lair  
  59  8:05  Roach  
  59  8:12  Roach  
  61  8:19  Drone x5  
  66  8:22  Extractor  
  63  8:39  Roach x3  
  66  8:49  Roach x2  
  66  8:55  Roach  
  72  9:00  Overlord  
  72  9:01  Spine Crawler  
  72  9:02  Roach  
  73  9:04  Glial Reconstitution  
  73  9:13  Roach  
  75  9:24  Roach x3  
  81  9:25  Evolution Chamber  
  81  9:27  Zergling x2  
  79  9:36  Queen  
  81  9:39  Roach  
  81  9:42  Overlord  
  83  9:52  Zerg Missile Weapons Level 2  
  83  9:57  Zerg Ground Armor Level 2  
  83  10:01  Roach  
  83  10:05  Roach  
  87  10:10  Roach x2  
  91  10:21  Overlord x2  
  91  10:26  Drone  
  91  10:28  Overlord  
  92  10:51  Hydralisk Den  
  92  10:55  Spore Crawler  
  90  10:57  Drone x4  
  90  10:58  Drone x3, Spore Crawler  
  90  11:01  Extractor  
  95  11:06  Roach  
  97  11:24  Roach  
  99  11:29  Hydralisk  
  99  11:30  Hatchery  
  100  11:49  Hydralisk x4  
  106  11:55  Hydralisk  
  107  12:03  Overlord  
  107  12:04  Overlord  
  105  12:24  Hydralisk x4  
  113  12:40  Hydralisk  
  115  12:48  Hydralisk x4  
  108  12:57  Hydralisk x2  
  88  13:05  Zergling x6  
  71  13:16  Hydralisk x2  
  75  13:21  Drone x2  
  75  13:27  Ravager  
Show
View Real Time Build Order
Export as new Build Order

Eko Zerg 

Build Orders: Pool First 

Get SALT Encoding   

  12  0:19  Spawning Pool  
  11  0:22  Drone  
  11  0:26  Drone  
  13  0:30  Drone  
  14  0:40  Overlord  
  14  1:06  Zergling x2  
  14  1:07  Zergling x4  
  17  1:18  Zergling x2  
  18  1:29  Zergling x2  
  19  1:40  Zergling x2  
  20  1:48  Queen  
  20  1:53  Overlord  
  22  1:58  Hatchery  
  18  2:28  Zergling x6  
  19  2:50  Zergling x4  
  20  3:11  Zergling x6  
  21  3:24  Zergling x2  
  21  3:25  Zergling x6  
  25  3:40  Overlord  
  25  3:45  Overlord x2, Extractor  
  24  3:58  Queen  
  26  4:05  Drone  
  26  4:06  Drone x5  
  32  4:13  Roach Warren  
  32  4:15  Drone, Extractor  
  31  4:17  Drone x2  
  31  4:18  Drone x2  
  34  4:37  Zergling x6  
  33  4:52  Zergling x2  
  33  4:53  Zergling x6  
  35  5:06  Roach x2  
  36  5:18  Roach  
  36  5:19  Roach  
  40  5:24  Roach  
  40  5:31  Roach  
  42  5:37  Roach  
  42  5:39  Overlord x2  
  39  6:01  Roach  
  39  6:02  Roach x4  
  47  6:12  Roach x2  
  47  6:17  Drone  
  52  6:20  Drone  
  53  6:34  Drone  
  53  6:35  Drone x3  
  57  6:52  Roach  
  59  6:55  Zergling x2  
  59  6:57  Overlord x2  
  60  7:02  Overlord  
  60  7:04  Overlord  
  60  7:17  Roach x3  
  62  7:35  Roach x2  
  62  7:36  Roach x3  
  60  7:44  Roach x2  
  64  8:01  Roach x5  
  74  8:15  Roach x2  
  74  8:17  Lair  
  78  8:20  Queen  
  80  8:38  Roach x2  
  80  8:39  Roach x2  
  88  8:47  Roach x2  
  92  8:52  Overlord  
  92  9:04  Overlord x2  
  92  9:31  Roach x5  
  101  9:38  Spire  
  101  9:42  Extractor  
  101  9:43  Drone  
  101  9:45  Extractor  
  95  10:19  Zergling x12  
  95  10:20  Zergling x6  
  104  10:36  Overlord  
  104  10:37  Overlord  
  104  10:52  Mutalisk  
  104  10:53  Mutalisk x5  
  116  11:01  Mutalisk  
  118  11:12  Mutalisk  
  120  11:23  Mutalisk  
  122  11:28  Overlord  
  122  11:31  Zergling x8  
  126  11:57  Mutalisk x3  
  130  12:15  Mutalisk x2  
  128  12:23  Mutalisk  
  128  12:24  Zergling x2  
  96  12:55  Roach x3  
  96  12:56  Roach x2  
  96  12:57  Roach  
Tags
 
Add a new tag
Caveats
  • Supply blocks, unpowered buildings, or Contaminate may cause inaccurate times.
  • Supply counts are checked every 10 seconds.